 Dungeon Crawl Stone Soup version 0.28.0 (webtiles) character file.

Game seed: 1186250244769804844

783 Labrat the Conjurer (level 7, -2/60 HPs)
             Began as a Demigod Conjurer on Feb 12, 2022.
             Slain by a shadow (29 damage)
             ... on level 4 of the Dungeon.
             The game lasted 00:18:28 (6139 turns).

Labrat the Conjurer (Demigod Conjurer)              Turns: 6139, Time: 00:18:28

Health: -2/60      AC:  3    Str:  8    XL:     7   Next: 29%
Magic:  17/17      EV: 31    Int: 28    God:
Gold:   214        SH:  0    Dex: 12    Spells: 13/16 levels left

rFire   . . .      SeeInvis .   o - +0 rapier
rCold   . . .      Faith    .   (no shield)
rNeg    . . .      Spirit   .   a - +0 robe
rPois   .          Reflect  .   (no helmet)
rElec   .          Harm     .   (no cloak)
rCorr   .          Rampage  .   i - +0 pair of gloves
Will    .....                   (no boots)
Stlth   ++........              k - amulet of the acrobat
HPRegen 0.20/turn               v - +4 ring of evasion
MPRegen 0.15/turn               (no ring)

@: acrobatic
A: high MP 1, forlorn, divine attributes
a: no special abilities


You were on level 4 of the Dungeon.
You visited 1 branch of the dungeon, and saw 5 of its levels.

You collected 214 gold pieces.

Inventory:

Hand Weapons
 o - a +0 rapier (weapon)
Missiles
 p - 11 poisoned darts
Armour
 a - a +0 robe (worn)
 i - a +0 pair of gloves (worn)
Jewellery
 k - an amulet of the acrobat (around neck)
 v - a +4 ring of evasion (left hand)
Wands
 r - a wand of mindburst (8)
 u - a wand of charming (10)
Scrolls
 b - a scroll of magic mapping {unknown}
 c - 4 scrolls of identify {unknown}
 d - 3 scrolls of teleportation {unknown}
 f - a scroll of amnesia {unknown}
 n - a scroll of fear {unknown}
 t - a scroll of vulnerability {unknown}
Potions
 e - 2 potions of berserk rage {unknown}
 g - 3 potions of curing {unknown}
 h - a potion of mutation {unknown}
 j - a potion of magic {unknown}
 l - 2 potions of attraction {unknown}
 m - a potion of resistance {unknown}
 q - 2 potions of flight {unknown}
 s - a potion of heal wounds {unknown}


   Skills:
 + Level 4.4 Fighting
 - Level 1.7 Dodging
 - Level 1.7 Stealth
 - Level 5.0 Spellcasting
 - Level 5.0 Conjurations


You had 13 spell levels left.
You knew the following spells:

 Your Spells              Type           Power      Damage    Failure   Level
a - Magic Dart            Conj           100%       1d8       1%          1
b - Searing Ray           Conj           70%        2d7       1%          2

Your spell library contained the following spells:

 Spells                   Type           Power      Damage    Failure   Level
 Dazzling Flash           Conj/Hex       42%        N/A       7%          3
 Fulminant Prism          Conj/Hex       10%        3d9       24%         4
 Iskenderun's Mystic Bla  Conj/Tloc      21%        2d6       24%         4


Dungeon Overview and Level Annotations

Branches:
Dungeon (5/15)
 Temple: D:4-7

Shops:
D:3 [


Innate Abilities, Weirdness & Mutations

You have an increased reservoir of magic. (+10% MP)
You shall have no god before yourself.
Your divine heritage dramatically boosts your attributes as you level up.


Message History

A killer bee zombie, a scorpion zombie and a shadow come into view.
Found a manual of Poison Magic.
Found 2 boomerangs.
Found 20 stones.
You see here 2 boomerangs.
You see here 20 stones.
Press: ? - help, v - describe, . - travel
Here: a shadow The floor.
Aiming: Mindburst
Press: ? - help, Shift-Dir - straight line, f - shadow
Aim: a shadow (chance to affect: 47%)
Okay, then.
There are monsters nearby!
The shadow slips into darkness.
The shadow flickers and vanishes!
Deactivating autopickup; reactivate with Ctrl-A.
The shadow strikes at you from the darkness!
Reactivating autopickup.
The shadow slips into darkness.
The shadow flickers and vanishes!
Deactivating autopickup; reactivate with Ctrl-A.
There is a stone staircase leading up here.
The shadow strikes at you from the darkness!
Reactivating autopickup.
You climb upwards.
There is a stone staircase leading down here.
The shadow slips into darkness.
The shadow flickers and vanishes!
Deactivating autopickup; reactivate with Ctrl-A.
There is an open door here.
Something is blocking the doorway!
The shadow strikes at you from the darkness!
Ouch! That really hurt!
Reactivating autopickup.
The shadow slips into darkness.
The shadow flickers and vanishes!
Deactivating autopickup; reactivate with Ctrl-A.
The shadow strikes at you from the darkness!
You die...

#..............#.................
#..............#.................
#..............#.................
#..............#.................
#.........####.#.................
#..†......# #.#.................
#.........####'#.................
####...##.........(..............
###...##.......@....[........<..
#...............................
#...............................
#........####+#.................
#........#....#.................
#........#....'.................
#........#....#.................
#........#..).#.................
#........#....#.................


There were no monsters in sight!

Vanquished Creatures
  An ice beast (D:5)
  A centaur (D:5)
  2 phantoms (D:5)
  A bullfrog (D:5)
  A centaur zombie (D:5)
  An orc priest (D:5)
  A jelly (D:5)
  A centaur skeleton (D:5)
  3 iguanas
  2 gnolls (D:2)
  7 adders
  An ufetubus (D:5)
  An adder skeleton (D:4)
  2 worms (D:2)
  4 dart slugs
  9 orcs
  10 endoplasms
  10 giant cockroaches
  8 goblins
  13 hobgoblins
  2 quokkas
  6 ball pythons
  2 bats
  3 frilled lizards
  4 kobolds
  2 rats (D:1)
98 creatures vanquished.

Notes
Turn   | Place    | Note
-------+----------+-------------------------------------------
     0 | D:1      | Labrat the Demigod Conjurer began the quest for the Orb.
     0 | D:1      | Reached XP level 1. HP: 14/14 MP: 5/5
   288 | D:1      | Reached XP level 2. HP: 13/20 MP: 1/7
   928 | D:1      | Noticed a shining eye
   930 | D:1      | Noticed a golden eye
   930 | D:1      | Noticed an eye of devastation
   930 | D:1      | Noticed a floating eye
  1168 | D:1      | Reached XP level 3. HP: 26/26 MP: 6/9
  1171 | D:1      | Learned a level 2 spell: Searing Ray
  1574 | D:2      | Identified the +3 leather armour "Lihiywen" {Drain rC+
                  | Dex+5}
  1714 | D:2      | Reached XP level 4. HP: 33/33 MP: 0/11
  2275 | D:3      | Found Ovatoak's Armour Emporium.
  3644 | D:4      | Reached XP level 5. HP: 38/38 MP: 10/13
  3757 | D:4      | You fall into a shaft and drop 1 floor!
  3757 | D:5      | Entered Level 5 of the Dungeon
  3808 | D:4      | Reached skill level 5 in Conjurations
  4405 | D:5      | Reached XP level 6. HP: 45/45 MP: 7/16
  4954 | D:5      | Reached skill level 5 in Spellcasting
  5600 | D:5      | Reached XP level 7. HP: 57/57 MP: 13/17
  5941 | D:5      | Noticed a shadow
  6139 | D:4      | Slain by a shadow

Illustrated notes

Levels and vault maps discovered:
D:1:      minmay_arrival_three_doors, layout_basic,
          hellmonk_ecumenical_altar_watching_god, minmay_misc_feat_rows,
          minmay_worlds_worst_comb
D:2:      layout_rooms, serial_corexii_hall, chequers_hall_statues_y,
          chequers_hall_statues_wall_a, minmay_small_reverse_x
D:3:      layout_loops_corners, nicolae_tso_carved_into_rock, serial_shops,
          shop_statue, amethyst_killhole, minmay_liquid_box
D:4:      layout_basic
D:5:      layout_layer_cave, okawaru_metal_pillars_1_2, minmay_manual_moon

Skill      XL: |  1  2  3  4  5  6  7 |
---------------+----------------------+-----
Spellcasting   | 2 3 4 5 |  5.0
Conjurations   | 4 5 |  5.0
Fighting       | 3 4 |  4.4
Dodging        | |  1.7
Stealth        | |  1.7

Action                   |  1- 3 |  4- 6 |  7- 9 || total
-------------------------+-------+-------+-------++-------
Melee: Rapier            |       |     6 |       ||     6
 Cast: Magic Dart        |    84 |   120 |     1 ||   205
       Searing Ray       |     4 |    18 |     2 ||    24
Armor: Robe              |     1 |     1 |     1 ||     3
Dodge: Dodged            |     3 |    26 |     6 ||    35
